Match 44986896
Unlisted

Match 44986896
End
Construct Infanterie Kompanie
Selects Luftwaffe Battlegroup
Selects Luftwaffe Pioneer Support
Fallschirmpioneer Squad Paradrop
MG 42 Machine Gun Team
GrW 34 Mortar Team
MG 42 Machine Gun Team
Construct Luftwaffe Kompanie
GrW 34 Mortar Team
Medical Station
Jäger Squad
Selects Stuka Strafing Run
Stuka Strafing Run
Jäger Squad
Luftwaffe Officer Quarters
Selects Fallschirmjäger Squad Paradrop
Construct Panzergrenadier Kompanie
Support Elements
Nebelwerfer 42 Rocket Launcher Team
Stuka Strafing Run
Jäger Squad
Fallschirmpioneer Squad Paradrop
Stuka Strafing Run
Jäger Squad
Medical Bunker
Stuka Strafing Run
Marder III M Tank Destroyer
Fallschirmpioneer Squad Paradrop
Puhil
100% OJ addict
Tyyrant
horr0r
Gawr Gura's Top Shrimp
Fox Mulder
Sayamander 🐉
I¯IPOKTO/\OI¯
0
0

Comments sign in to comment!

No comments posted yet!